 Dungeon Crawl Stone Soup version 0.30.1-1-g62c8e00024 (webtiles) character file.

Game seed: 8583641164657320166

167 Gorgoleon the Poker (level 5, -12/41 HPs)
             Began as a Human Monk on July 14, 2023.
             Mangled by Crazy Yiuf
             ... wielding a +3 quarterstaff of chaos
              (14 damage)
             ... on level 2 of the Dungeon.
             The game lasted 00:06:54 (1507 turns).

Gorgoleon the Poker (Human Monk)                    Turns: 1507, Time: 00:06:55

Health: -12/41     AC:  5    Str: 14    XL:     5   Next: 76%
Magic:  5/5        EV: 12    Int: 10    God:
Gold:   89         SH:  0    Dex: 15    Spells: 4/4 levels left

rFire   . . .        a - +0 spear
rCold   . . .        d - orb {light}
rNeg    . . .        k - +0 leather armour
rPois   .            c - +1 helmet
rElec   .            (no cloak)
rCorr   .            (no gloves)
SInv    .            (no boots)
Will    .....        (no amulet)
Stlth   +            (no ring)
HPRegen 0.26/turn    (no ring)
MPRegen 0.09/turn

%: no passive effects
@: glowing
A: no striking features
a: no special abilities


You were on level 2 of the Dungeon.
You visited 1 branch of the dungeon, and saw 2 of its levels.

You collected 89 gold pieces.

Inventory:

Hand Weapons
 a - a +0 spear (weapon)
Missiles
 f - 31 stones (quivered)
Armour
 c - a +1 helmet (worn)
 d - an orb of light (worn)
 k - a +0 leather armour (worn)
Jewellery
 m - an amulet of faith
 o - an amulet of guardian spirit
Wands
 p - a wand of polymorph (9)
Scrolls
 e - 2 scrolls of magic mapping {unknown}
 g - 3 scrolls of identify {unknown}
 h - a scroll of immolation {unknown}
 l - 2 scrolls of teleportation {unknown}
Potions
 b - 2 potions of attraction
 i - a potion of flight {unknown}
 j - a potion of curing {unknown}
 n - a potion of magic {unknown}


   Skills:
 - Level 3.0 Fighting
 + Level 5.7 Polearms
 + Level 1.4 Armour
 - Level 3.0 Dodging


You had 4 spell levels left.
You didn't know any spells.
Your spell library was empty.

Dungeon Overview and Level Annotations

Branches:
Dungeon (2/15)

Altars:
Sif Muna

Annotations:
D:2 Crazy Yiuf


Message History

No target in view!
Found a sling.
g - 3 scrolls labelled WAIRIS RADIPICS (gained 1)
Found 2 poisoned darts.
Found a dagger.
f - 31 stones (gained 5)
Found a shimmering blue altar of Sif Muna.
There is a shimmering blue altar of Sif Muna here.
You now have 89 gold pieces (gained 15).
You see here a +0 dagger.
A hobgoblin comes into view.
The hobgoblin shouts!
The hobgoblin moves out of view.
You hit the hobgoblin.
The hobgoblin is lightly wounded.
You hit the hobgoblin.
The hobgoblin is severely wounded.
The hobgoblin hits you but does no damage.
You hit the hobgoblin.
You kill the hobgoblin!
No target in view!
Found a hammer.
Found a runed translucent door.
Crazy Yiuf shouts!
You open the door. You barely miss Crazy Yiuf. Crazy Yiuf closely misses you.
You barely miss Crazy Yiuf.
Crazy Yiuf laughs, "Proton Xom tortoise!"
Crazy Yiuf hits you with a +3 quarterstaff of chaos.
You hit Crazy Yiuf.
Crazy Yiuf is lightly wounded.
You barely miss Crazy Yiuf.
Crazy Yiuf is lightly wounded.
Crazy Yiuf hits you with a +3 quarterstaff of chaos!
Space warps horribly around you!
You hit Crazy Yiuf.
Crazy Yiuf is lightly wounded.
Crazy Yiuf hits you with a +3 quarterstaff of chaos!
* * * LOW HITPOINT WARNING * * *
You are electrocuted!
You die...

.....# #..#.....#
###.## .....#
#..#####.# #..##
.....#####..# #.#
##..#
.........#### ###
##.# ##...#####
#.# #...# #.##
#...# ### ♣♣##..#
#...# #)..#♣♣
♣♣..+..# ##...#
#...g@♣♣♣♣.P....#
....)#
#...#♣..♣..P....#
.....# ###
♣♣♣.♣...+..#
._...# ♣♣♣♣♣#####
.....# .....#
.....# ######


You could see Crazy Yiuf.

Vanquished Creatures
  Natasha (thrice) (D:2)
  Robin (D:2)
  2 adders (D:2)
  3 worms (D:2)
  2 dart slugs (D:2)
  4 endoplasms (D:1)
  12 goblins
  7 hobgoblins
  4 kobolds
  A quokka (D:2)
  5 ball pythons (D:2)
  4 bats
  A frilled lizard (D:1)
  4 rats
53 creatures vanquished.

Notes
Turn   | Place    | Note
-------+----------+-------------------------------------------
     0 | D:1      | Gorgoleon the Human Monk began the quest for the Orb.
     0 | D:1      | Reached XP level 1. HP: 18/18 MP: 1/1
   204 | D:1      | Reached XP level 2. HP: 24/24 MP: 2/2
   675 | D:2      | Reached skill level 4 in Polearms
   675 | D:2      | Reached XP level 3. HP: 29/29 MP: 3/3
   678 | D:2      | Noticed Natasha
   689 | D:2      | Killed Natasha
   786 | D:2      | Reached XP level 4. HP: 35/35 MP: 4/4
   927 | D:2      | Noticed Natasha
   947 | D:2      | Killed Natasha
   948 | D:2      | Reached skill level 5 in Polearms
  1055 | D:2      | Reached XP level 5. HP: 41/41 MP: 5/5
  1141 | D:2      | Reached skill level 1 in Armour
  1183 | D:2      | Noticed Natasha
  1196 | D:2      | Killed Natasha
  1237 | D:2      | Noticed Robin
  1251 | D:2      | Killed Robin
  1426 | D:2      | Found a shimmering blue altar of Sif Muna.
  1498 | D:2      | Found a runed translucent door.
  1499 | D:2      | Noticed Crazy Yiuf
  1507 | D:2      | HP: 2/41 [Crazy Yiuf/+3 quarterstaff of chaos (12)]
  1507 | D:2      | Mangled by Crazy Yiuf

Illustrated notes

Levels and vault maps discovered:
D:1:      lemuel_arrival_lava_pool, layout_rooms
D:2:      layout_basic, basic_altar, interstate_on_off, uniq_crazy_yiuf_cottage,
          uniq_robin, uniq_natasha

Skill      XL: |  1  2  3  4  5 |
---------------+----------------+-----
Polearms       | 4 5 |  5.7
Armour         | 1 |  1.4
Fighting       | |  3.0
Dodging        | |  3.0

Action                     |  1- 3 |  4- 6 || total
---------------------------+-------+-------++-------
  Melee: Spear             |    59 |   110 ||   169
         Unarmed           |       |     3 ||     3
    Use: Potion            |       |     2 ||     2
 Armour: Leather armour    |    10 |    14 ||    24
  Dodge: Dodged            |    24 |    51 ||    75
